 Dungeon Crawl Stone Soup version 0.14-a0-2061-g6c6fb9c (webtiles) character file.

322 Mitsuki the Covert (level 5, 0/34 HPs)
             Began as a Halfling Assassin on Jan 22, 2014.
             Slain by an orc wizard
             ... wielding a -1,+1 orcish falchion
              (6 damage)
             ... on Level 3 of the Dungeon.
             The game lasted 00:12:26 (3680 turns).

Mitsuki the Covert (Halfling Assassin)              Turns: 3680, Time: 00:12:27

HP   0/34        AC  3     Str  8      XL: 5   Next: 56%
MP   5/5         EV 14     Int 11      God:
Gold 173         SH  0     Dex 19      Spells:  0 memorised,  4 levels left

rFire  . . .     SeeInvis .     a - +2 dagger
rCold  . . .     Clarity  .     l - +0 robe
rNeg   . . .     Conserve .     (no shield)
rPois  .         rCorr    .     (no helmet)
rElec  .         rRot     .     d - +0 cloak
SustAb . .       Spirit   .     (no gloves)
rMut   .         Warding  .     (no boots)
Saprov . . .     Stasis   .     (no amulet)
MR     .....                    (no ring)
                                (no ring)

@: slowed, very slow, not resistant to hostile enchantments, very stealthy
A: mutation resistance 1, slow metabolism 1
a: no special abilities


You were on level 3 of the Dungeon.
You were not hungry.

You visited 1 branch of the dungeon, and saw 3 of its levels.

You collected 173 gold pieces.

Inventory:

Hand weapons
 a - a +2,+2 dagger (weapon)
 b - a +0 blowgun
Missiles
 e - 17 poisoned needles
 f - 2 curare-tipped needles
Armour
 d - a +0 cloak (worn)
 l - a +0 robe (worn)
Comestibles
 g - a bread ration
Scrolls
 i - a scroll of immolation {unknown}
 j - a scroll of fear {unknown}
 m - 2 scrolls of amnesia {unknown}
 n - 4 scrolls of remove curse {unknown}
 o - a scroll of fog {unknown}
 q - a scroll of identify {unknown}
 r - a scroll of teleportation {unknown}
 t - a scroll of enchant armour {unknown}
Potions
 k - 2 potions of agility {unknown}
 p - a potion of poison {unknown}
 s - a potion of resistance {unknown}


   Skills:
 - Level 1.7 Fighting
 - Level 2.6 Short Blades
 - Level 2.6 Throwing
 - Level 1.2 Dodging
 + Level 9.0 Stealth


You had 4 spell levels left.
You didn't know any spells.

Dungeon Overview and Level Annotations

Branches:
Dungeon (3/16)

Altars:
Okawaru


Innate Abilities, Weirdness & Mutations

You are small and have problems with some larger weapons.
You are somewhat resistant to further mutation.
You have a slow metabolism.


Message History

The orc wizard casts a spell.
The orc wizard blinks!
The orc wizard hits you with an orcish falchion.
The orc wizard is no longer moving quickly.
The orc wizard closely misses you.
You barely miss the orc wizard.
The orc wizard hits you with an orcish falchion!
You barely miss the orc wizard.
The orc wizard gestures at you while chanting.
The magic dart hits you!
The orc hits you with an orcish hand axe.
The orc wizard misses you.
There is a stone staircase leading up here.
The orc hits you with an orcish hand axe.
* * * LOW HITPOINT WARNING * * *
The orc wizard hits you with an orcish falchion.
* * * LOW HITPOINT WARNING * * *
The orc barely misses you.
The orc wizard hits you with an orcish falchion.
You die...

.....###.).............
... ##[##.###.......
#.##.##########
#.##.%....# #.#######.#
#.# ####.# ######.#
#....# #......# #.####
#..@...# #.# #.oo...#
#.#####
#......####.....###
#......%##....#...#
#.......##....# #.#
#.......##.[..#+#.##
#...................
#...(..........%....
######..............


You could see an orc wizard and an orc.

Vanquished Creatures
  Terence (D:2)
  4 adders
  3 worms
  A giant gecko (D:1)
  An ooze (D:1)
  5 orcs
  7 bats
  6 goblins
  10 hobgoblins
  11 jackals
  5 giant cockroaches (D:1)
  3 giant newts
  7 kobolds
  6 rats
70 creatures vanquished.

Notes
Turn   | Place    | Note
--------------------------------------------------------------
     0 | D:1      | Mitsuki, the Halfling Assassin, began the quest for the Orb.
     0 | D:1      | Reached XP level 1. HP: 14/14 MP: 1/1
   147 | D:1      | Reached XP level 2. HP: 10/19 MP: 2/2
   337 | D:1      | Reached skill level 6 in Stealth
  1123 | D:1      | Reached XP level 3. HP: 22/24 MP: 3/3
  1669 | D:2      | Reached skill level 7 in Stealth
  1776 | D:2      | Reached XP level 4. HP: 29/29 MP: 4/4
  2338 | D:2      | Found an iron altar of Okawaru.
  2453 | D:2      | Reached skill level 8 in Stealth
  2475 | D:2      | Noticed Terence
  2603 | D:2      | Killed Terence
  2930 | D:2      | Reached XP level 5. HP: 31/34 MP: 5/5
  3120 | D:3      | Noticed an orc warrior
  3647 | D:3      | Reached skill level 9 in Stealth
  3680 | D:3      | Slain by an orc wizard

Action                   |  1- 3 |  4- 6 || total
-------------------------+-------+-------++-------
Melee: Dagger            |   117 |   180 ||   297
 Fire: Blowgun           |       |    11 ||    11
  Use: Potion            |       |     4 ||     4
 Stab: Sleeping          |    10 |     7 ||    17
       Distracted        |     1 |       ||     1
